 Dungeon Crawl Stone Soup version 0.20.1-1-g8b1a95d (webtiles) character file.

9044 letownia2 the Reanimator (level 11, 60/93 HPs)
             Began as a Deep Dwarf Necromancer on Nov 26, 2017.
             Was an Initiate of Gozag.
             Quit the game in a labyrinth.
             The game lasted 00:35:04 (8962 turns).

letownia2 the Reanimator (Deep Dwarf Necromancer)   Turns: 8962, Time: 00:35:05

Health: 60/93      AC: 10    Str: 14    XL:     11   Next: 17%
Magic:  33/33      EV: 11    Int: 17    God:    Gozag
Gold:   1238       SH:  0    Dex: 13    Spells: 24/28 levels left

rFire    . . .     SeeInvis .   a - +3 broad axe (elec)
rCold    . . .     Gourm    .   (no shield)
rNeg     . . .     Faith    .   r - +0 ring mail
rPois    .         Spirit   .   q - +0 helmet
rElec    .         Reflect  .   N - +0 cloak
rCorr    .         Harm     .   T - +1 pair of gloves
MR       +....                  Y - +0 pair of boots
Stlth    +.........             (no amulet)
Regen    0.0/turn               P - ring of magical power
MPRegen  0.3/turn               G - ring of wizardry

@: non-regenerating, drained
A: damage resistance, heal wounds, sense surroundings 2, no regeneration
a: Heal Wounds, Potion Petition, Call Merchant, Bribe Branch, Renounce Religion


You were in a labyrinth.
You worshipped Gozag.
Gozag was most pleased with you.
You were not hungry.

You visited 1 branch of the dungeon, and saw 11 of its levels.
You also visited: Labyrinth.

You collected 2014 gold pieces.
You spent 27 gold pieces at shops.
You paid 749 gold pieces to Gozag.

Inventory:

Hand Weapons
 a - a +3 broad axe of electrocution (weapon)
 b - a +0 trident of venom
 c - a +0 blowgun
 g - a +0 arbalest
 l - the +1 whip of Greed {freeze, rF+ Dex+4}
   (You took it off a gnoll on level 5 of the Dungeon)

   It has been specially enchanted to freeze those struck by it, causing extra
   injury to most foes and up to half again as much damage against particularly
   susceptible opponents.
   It can also slow down cold-blooded creatures.
   It affects your dexterity (+4).
   It protects you from fire.
 V - a +0 battleaxe of flaming
Missiles
 y - 6 curare-tipped needles
 C - 8 javelins (quivered)
 X - 56 bolts
Armour
 q - a +0 helmet (worn)
 r - a +0 ring mail (worn)
 N - a +0 cloak (worn)
 T - a +1 pair of gloves (worn)
 Y - a +0 pair of boots (worn)
Jewellery
 w - an uncursed ring of positive energy
 D - an uncursed ring of poison resistance
 G - a ring of wizardry (right hand)
 J - an uncursed ring of ice
 P - a ring of magical power (left hand)
 U - an uncursed ring of magical power
Wands
 o - a wand of paralysis (14/24)
 s - a wand of iceblast (14/15)
 v - a wand of flame (32/48)
 A - a wand of disintegration (4/24)
 F - a wand of flame (13/48)
 I - a wand of lightning (4/15)
 R - a wand of iceblast (1/15)
 S - a wand of confusion (24/48)
 Z - a wand of paralysis (4/24)
Scrolls
 h - a scroll of immolation
 k - a scroll of blinking
 n - 3 scrolls of recharging
 u - 7 scrolls of remove curse
 x - 2 scrolls of teleportation
 B - 2 scrolls of enchant armour
 E - 2 scrolls of enchant weapon
 Q - a scroll of summoning
Potions
 d - 3 potions of degeneration {unknown}
 e - a potion of flight
 f - 3 potions of mutation {unknown}
 j - 2 potions of cancellation
 m - 2 potions of haste
 p - 4 potions of heal wounds {unknown}
 t - a potion of lignification
 z - a potion of brilliance
 H - 2 potions of curing
 K - 4 potions of agility
 M - 2 potions of resistance
 W - a potion of magic
Comestibles
 L - 5 bread rations


   Skills:
 - Level 4.8(4.3) Fighting
 - Level 5.1(4.7) Axes
 - Level 2.2(1.8) Armour
 - Level 2.1(1.7) Dodging
 - Level 2.4(1.9) Stealth
 - Level 9.2(8.6) Spellcasting
 - Level 11.1(10.5) Necromancy
 + Level 8.7(8.2) Evocations


You had 24 spell levels left.
You knew the following spells:

 Your Spells              Type           Power        Failure   Level  Hunger
a - Pain                  Necr           ####         1%          1    None
v - Vampiric Draining     Necr           #####.....   1%          3    #......


Dungeon Overview and Level Annotations

Branches:
Dungeon (11/15)            Temple (0/1) D:6            Lair (0/6) D:8
    Orc (0/2) D:9

Altars:
Ashenzari
Cheibriados
Fedhas
Gozag
Kikubaaqudgha
Okawaru
Trog
Uskayaw
Vehumet
Xom
Yredelemnul
The Shining One

Shops:
D:4 *   D:5 **   D:7 *   D:10 [

Annotations:
D:1 DIG
D:4 ~POTION


Innate Abilities, Weirdness & Mutations

You are resistant to damage.
You can heal yourself by infusing magical energy.
You passively map the area around you.
You do not regenerate.


Message History

Drop what? 51/52 slots (_ for help) (? for menu, Esc to quit)
Okay, then.
As you read the scroll of identify, it crumbles to dust.
j - 2 potions of cancellation
i - an ancient short sword Wield which item (- for none, * to show all)? (? for menu, Esc to quit)
Your +3 broad axe of electrocution stops crackling.
The +0 short sword of Crusades {flame, rPois} bursts into flame!
i - the +0 short sword of Crusades (weapon)
{flame, rPois} Drop what? 51/52 slots (_ for help) (? for menu, Esc to quit)
The +0 short sword of Crusades {flame, rPois} stops flaming.
You are now empty-handed.
You drop the +0 short sword of Crusades {flame, rPois}.
You hear the crackle of electricity.
a - a +3 broad axe of electrocution (weapon)
Okay, then.
Drop what? 50/52 slots (_ for help) (? for menu, Esc to quit)
Okay, then.
Unknown command.
Are you sure you want to abandon this character and quit the game? (Confirm with "yes".)

. . ## .... #..
#..# ##### # #
#.#≈≈≈# #
#..#.#.≈≈#
##.###.#..'.(/@≈#
#.# .....
(..#.#.≈≈# ...
.#.# #.#. .#≈≈≈#.
# # #### ..#.
#######..# # ...
#. .##...... .. #
. . # ... . .#.
.# .. #.. .. #.#
## . # # # #..#.
. . .. .. #. .#
.# .# #. . ## # #
# . . .


There were no monsters in sight!

Vanquished Creatures
  A minotaur (Lab)
  A two-headed ogre (D:8)
  Pikel (D:6)
  A gargoyle (D:10)
  Grinder (D:5)
  2 hornets
  2 hippogriffs
  Prince Ribbit (D:6)
  A yak (D:8)
  Eustachio (D:5)
  2 wyverns
  Sigmund (D:5)
  2 hungry ghosts
  5 basilisks
  A water moccasin (D:8)
  4 orc warriors
  A black bear (D:9)
  An eye of draining (D:8)
  An ice beast (D:9)
  A sky beast (D:10)
  4 slaves (D:7)
  2 phantoms
  A necrophage (D:9)
  4 ogres
  4 centaurs
  A big kobold (D:7)
  6 bullfrogs
  3 scorpions
  4 wights (D:10)
  A howler monkey (D:6)
  8 crimson imps
  2 bullfrog zombies
  A jelly (D:9)
  2 quasits
  A centaur zombie (D:7)
  9 orc priests
  2 bullfrog skeletons
  4 hounds
  6 orc wizards
  Crazy Yiuf (D:5)
  2 iguanas
  7 worker ants
  2 hound zombies (D:10)
  A hound skeleton (D:6)
  2 worker ant zombies
  7 gnolls
  3 adders
  2 shadow imps
  An adder skeleton (D:8)
  A dart slug (D:2)
  4 leopard geckos
  23 orcs
  5 bats
  2 giant cockroaches
  6 goblins
  4 hobgoblins
  19 jackals
  3 quokkas
  2 frilled lizards
  15 kobolds
  7 rats
215 creatures vanquished.

Vanquished Creatures (others)
  A fungus (D:8)
1 creature vanquished.

Grand Total: 216 creatures vanquished

Notes
Turn   | Place    | Note
-------+----------+-------------------------------------------
     0 | D:1      | letownia2 the Deep Dwarf Necromancer began the quest for the Orb.
     0 | D:1      | Reached XP level 1. HP: 15/15 MP: 3/3
   281 | D:2      | Found a snail-covered altar of Cheibriados.
   298 | D:1      | Reached XP level 2. HP: 22/22 MP: 0/5
   452 | D:2      | Found a shattered altar of Ashenzari.
   455 | D:2      | Found an ancient bone altar of Kikubaaqudgha.
   457 | D:2      | Found a radiant altar of Vehumet.
   518 | D:3      | Reached skill level 5 in Necromancy
   755 | D:4      | Reached XP level 3. HP: 28/28 MP: 0/6
   760 | D:4      | Learned a level 3 spell: Vampiric Draining
   828 | D:5      | Entered Level 5 of the Dungeon
   828 | D:5      | Found Cguobah's Commerce Corner.
   976 | D:4      | Found Gozag's Platinum Reserve.
   976 | D:4      | Found an opulent altar of Gozag.
   983 | D:4      | Noticed a scorpion
  1013 | D:4      | Became a worshipper of Gozag Ym Sagoz the Greedy
  1017 | D:4      | Killed a scorpion
  1017 | D:4      | Reached XP level 4. HP: 27/36 MP: 1/8
  1259 | D:4      | Found a glowing golden altar of the Shining One.
  1264 | D:4      | Found a basalt altar of Yredelemnul.
  1266 | D:4      | Noticed a profane servitor
  1274 | D:4      | Noticed an angel
  1504 | D:3      | Reached XP level 5. HP: 31/42 MP: 2/9
  1505 | D:3      | Reached skill level 6 in Necromancy
  1812 | D:3      | Found a blossoming altar of Fedhas.
  3000 | D:1      | Reached skill level 7 in Necromancy
  3266 | D:5      | Reached XP level 6. HP: 11/49 MP: 0/10
  3466 | D:5      | Noticed Grinder
  3474 | D:5      | Killed Grinder
  3474 | D:5      | Reached skill level 8 in Necromancy
  3474 | D:5      | Reached XP level 7. HP: 25/55 MP: 7/11
  3567 | D:5      | Noticed Eustachio
  3641 | D:5      | Noticed Sigmund
  3665 | D:5      | Killed Sigmund
  3665 | D:5      | Reached skill level 1 in Fighting
  3708 | D:5      | Found a hide-covered altar of Uskayaw.
  3818 | D:5      | Killed Eustachio
  3929 | D:5      | Got a scorched whip {freeze}
  3933 | D:5      | Identified the cursed +1 whip of Greed {freeze, rF+ Dex+4} (You took it off a gnoll on level 5 of the Dungeon)
  4124 | D:5      | Found Peicoam's Elemental Accessories.
  4283 | D:5      | Reached XP level 8. HP: 34/68 MP: 7/15
  4457 | D:5      | Found a runed door.
  4461 | D:5      | Noticed Crazy Yiuf
  4469 | D:5      | Killed Crazy Yiuf
  4540 | D:5      | Reached skill level 5 in Spellcasting
  4557 | D:6      | Noticed Prince Ribbit
  4561 | D:6      | Killed Prince Ribbit
  4955 | D:6      | Found a bloodstained altar of Trog.
  5011 | D:6      | Found a staircase to the Ecumenical Temple.
  5287 | D:7      | Found an iron altar of Okawaru.
  5347 | D:7      | Found Acerriocw's Assorted Antiques.
  5389 | D:7      | Noticed a hippogriff
  5399 | D:7      | Killed a hippogriff
  5399 | D:7      | Reached skill level 1 in Armour
  5580 | D:7      | Gained mutation: You passively map the area around you. [Deep Dwarf growth]
  5580 | D:7      | Reached XP level 9. HP: 64/76 MP: 19/19
  5667 | D:8      | Noticed a two-headed ogre
  5676 | D:8      | Killed a two-headed ogre
  5676 | D:8      | Reached skill level 5 in Evocations
  6417 | D:8      | Found a staircase to the Lair.
  6540 | D:6      | Noticed Pikel
  6585 | D:6      | Killed Pikel
  6585 | D:6      | Reached XP level 10. HP: 78/84 MP: 21/23
  6754 | D:9      | Reached skill level 9 in Necromancy
  6864 | D:9      | Found a shimmering altar of Xom.
  6928 | D:9      | Paralysed by a hornet for 2 turns
  7189 | D:9      | Found a staircase to the Orcish Mines.
  7482 | D:9      | Reached skill level 1 in Axes
  7761 | D:7      | Bought a scroll labeled PENLAUCKUNAU for 27 gold pieces
  7846 | D:10     | Entered Level 10 of the Dungeon
  7873 | D:10     | Reached skill level 10 in Necromancy
  8491 | D:10     | Noticed a gargoyle
  8497 | D:10     | Killed a gargoyle
  8624 | D:10     | Reached skill level 11 in Necromancy
  8715 | D:11     | Reached skill level 5 in Axes
  8715 | D:11     | Reached XP level 11. HP: 73/93 MP: 24/24
  8774 | D:11     | Found a labyrinth entrance.
  8793 | Lab      | Entered a labyrinth
  8932 | Lab      | Noticed a minotaur
  8937 | Lab      | Killed a minotaur
  8958 | Lab      | Got an ancient short sword
  8959 | Lab      | Identified the +0 short sword of Crusades {flame, rPois} (You found it in a labyrinth)
  8962 | Lab      | Quit the game

Skill      XL: |  1  2  3  4  5  6  7  8  9 10 11 |
---------------+----------------------------------+-----
Spellcasting   | 2 3 4 7 9 |  9.2
Necromancy     | 5 7 8 11 | 11.1
Fighting       | 2 3 4 |  4.8
Armour         | 2 |  2.2
Evocations     | 2 7 8 |  8.7
Axes           | 5 |  5.1
Dodging        | |  2.1
Stealth        | |  2.4

Action                   |  1- 3 |  4- 6 |  7- 9 | 10-12 || total
-------------------------+-------+-------+-------+-------++-------
Melee: Unarmed           |     6 |     9 |       |       ||    15
       Short sword       |       |     1 |     3 |       ||     4
       Whip              |       |       |   374 |   232 ||   606
       War axe           |       |       |       |   111 ||   111
Throw: Javelin           |       |     1 |     2 |    16 ||    19
 Cast: Pain              |    36 |    84 |    40 |     1 ||   161
       Vampiric Draining |       |     6 |    73 |   111 ||   190
Invok: Call Merchant     |       |       |       |     1 ||     1
Evoke: Wand              |       |     3 |     5 |    24 ||    32
  Use: Scroll            |       |     1 |     7 |    17 ||    25
 Stab: Sleeping          |       |       |     1 |     1 ||     2
       Distracted        |       |       |     1 |       ||     1
       Confused          |       |       |     2 |     2 ||     4
       Paralysed         |       |       |       |    11 ||    11
  Eat: Chunk             |     1 |       |     2 |     1 ||     4
       Meat ration       |       |     2 |     1 |     2 ||     5
       Bread ration      |       |       |     1 |       ||     1
       Fruit             |       |       |       |     5 ||     5
       Royal jelly       |       |       |       |     2 ||     2
Armor: Robe              |     2 |       |       |       ||     2
       Ring mail         |     1 |    16 |   209 |   159 ||   385
Dodge: Dodged            |    11 |    25 |   302 |   245 ||   583
